 Dungeon Crawl Stone Soup version 0.17.0-24-gcfadda4 (webtiles) character file.

5646 Niddhoggr the Spear-Bearer (level 10, -6/90 (91) HPs)
             Began as a Minotaur Berserker on Nov 17, 2015.
             Was a High Priest of Trog.
             Engulfed by a steam dragon's steam (8 damage)
             ... on level 9 of the Dungeon.
             The game lasted 00:42:43 (7429 turns).

Niddhoggr the Spear-Bearer (Minotaur Berserker)     Turns: 7429, Time: 00:42:43

HP:   -6/90 (91)    AC: 11    Str: 23    XL:     10   Next: 46%
MP:   0/9           EV: 14    Int:  5    God:    Trog [*****.]
Gold: 453           SH:  0    Dex: 11    Spells: 0 memorised, 9 levels left

rFire  . . .     SeeInvis +     t - +3 halberd (flame)
rCold  . . .     Clarity  .     s - +4 ring mail of Xeon {MR+ Stlth+}
rNeg   . . .     SustAt   .     (shield currently unavailable)
rPois  .         Gourm    .     (helmet restricted)
rElec  .         Spirit   +     (no cloak)
rCorr  .         Warding  .     L - +0 pair of gloves
rMut   .         Stasis   .     (no boots)
MR     +++..                    o - amulet of guardian spirit
Stlth  ++........               D - +4 ring of slaying
                                n - ring of see invisible

@: lethally poisoned (-6 -> -6), exhausted, regenerating, slowed, very slow,
extremely resistant to hostile enchantments, unstealthy
A: retaliatory headbutt, horns 2
a: Berserk, Trog's Hand, Brothers in Arms, Burn Spellbooks, Renounce Religion


You were on level 9 of the Dungeon.
You worshipped Trog.
Trog was extremely pleased with you.
You were near starving.

You visited 1 branch of the dungeon, and saw 8 of its levels.
You also visited: Sewer.

You collected 453 gold pieces.

Inventory:

Hand Weapons
 k - a +4 quarterstaff of chaos
 r - the +10 shortbow of the Whale {venom, Int+2 Dex+5}
   (You found it on level 5 of the Dungeon)

   It poisons the ammo it fires.
   It affects your intelligence (+2).
   It affects your dexterity (+5).
 t - a +3 halberd of flaming (weapon)
 w - a +1 morningstar of holy wrath
 G - a +0 hunting sling of freezing
Missiles
 d - a throwing net (quivered)
 v - 73 arrows
 B - 6 arrows of flame
 H - 4 sling bullets of flame
Armour
 s - the +4 ring mail of Xeon (worn) {MR+ Stlth+}
   (You found it on level 5 of the Dungeon)

   It affects your resistance to hostile enchantments.
   It makes you more stealthy.
 L - a +0 pair of gloves (worn)
 O - a +2 animal skin
Jewellery
 n - a ring of see invisible (left hand)
 o - an amulet of guardian spirit (around neck)
 p - an uncursed ring of see invisible
 D - a +4 ring of slaying (right hand)
 I - an uncursed amulet of faith
Wands
 J - a wand of digging (14)
 N - a wand of random effects (21)
Scrolls
 a - a scroll of recharging
 f - 5 scrolls of teleportation
 g - 3 scrolls of remove curse
 i - 3 scrolls of immolation
 u - a scroll of identify
Potions
 b - a potion of might {unknown}
 e - a potion of degeneration {unknown}
 h - 3 potions of magic {unknown}
 j - 3 potions of heal wounds {unknown}
 l - a potion of haste
 m - 2 potions of cancellation {unknown}
 q - a potion of mutation {unknown}
 x - 3 potions of curing {unknown}
 z - a potion of poison {unknown}
 A - 2 potions of flight {unknown}
Comestibles
 c - 6 bread rations
 C - 4 meat rations


   Skills:
 + Level 9.5 Fighting
   Level 7.2(9.6) Axes
 * Level 9.8(10.8) Polearms
 + Level 5.3 Bows
 - Level 0.4 Throwing
 - Level 7.0 Armour
 - Level 6.6 Dodging
 - Level 2.1 Stealth


You had 9 spell levels left.
You didn't know any spells.

Dungeon Overview and Level Annotations

Branches:
Dungeon (9/15)
 Temple: D:4-7         Lair: D:8-11         Orc: D:9-12

Altars:
Cheibriados
Fedhas
Gozag
Kikubaaqudgha
Makhleb
Okawaru
Sif Muna


Innate Abilities, Weirdness & Mutations

You reflexively headbutt those who attack you in melee.
You have a pair of horns on your head.


Message History

You feel sick. The wight hits you but does no damage.
The steam dragon breathes steam at you. The ball of steam hits you!
* * * LOW HITPOINT WARNING * * *
The wight is engulfed in a cloud of scalding steam.
You feel your anger subside.
You are no longer berserk.
You are exhausted.
You feel yourself slow down.
You are near starving!
You feel sick. The steam dragon breathes steam at you.
The ball of steam hits you!
* * * LOW HITPOINT WARNING * * *
Unknown command.
Your skin crawls.
You feel resistant to hostile enchantments.
You feel slightly more hungry.
You are engulfed in a cloud of scalding steam.
You die...

......# ...(....# ......#
z......# ......# ......(#
######... .z....# #....#....
.z....# #....# ....
########.....# #....# ...
#.§§...#(....+ #....# ...
#...z§z†z....# #....#
#..@z..#........
#....#########..§D..#........
'....'......##......##+###...
#†...#......##......##...# ..
. .....#......'........<...#
. ..
.....######'##...........#
...
#######.....##...........#
.... #......######'###...#
.....
#......#........###'#......


You could see a steam dragon and 4 wights.

Vanquished Creatures
  Pikel (D:5)
  Psyche (D:8)
  A troll (D:9)
  A deep elf mage (D:5)
  Grum (D:8)
  3 wolves (D:8)
  2 orc warriors
  2 water moccasins
  A necrophage (D:7)
  3 ice beasts
  A phantom (D:6)
  A black bear (D:9)
  An ogre (D:7)
  A sky beast (D:6)
  3 big kobolds
  4 centaurs
  Blork the orc (D:6)
  3 giant frogs
  A water moccasin zombie (D:7)
  A scorpion (D:7)
  13 killer bees
  6 orc wizards
  A centaur zombie (D:6)
  2 giant frog zombies
  5 hounds
  3 jellies
  A giant frog skeleton (D:8)
  Crazy Yiuf (D:6)
  An iguana (D:5)
  5 worker ants
  A killer bee zombie (D:7)
  A hound skeleton (D:7)
  10 adders
  A river rat (D:5)
  2 oozes
  An adder skeleton (D:6)
  An adder zombie (D:5)
  2 giant geckos (D:6)
  18 orcs
  2 bats
  11 giant cockroaches
  5 goblins
  11 hobgoblins
  12 jackals
  15 kobolds
  A quokka (D:7)
  3 ball pythons (D:5)
  2 giant gecko skeletons
  6 giant newts
  11 rats
  2 bushes (D:6)
  A fungus (D:6)
190 creatures vanquished.

Vanquished Creatures (collateral kills)
  Erolcha (D:8)
1 creature vanquished.

Grand Total: 191 creatures vanquished

Notes
Turn   | Place    | Note
--------------------------------------------------------------
     0 | D:1      | Niddhoggr the Minotaur Berserker began the quest for the Orb.
     0 | D:1      | Reached XP level 1. HP: 19/19 MP: 0/0
   108 | D:1      | Reached skill level 4 in Axes
   143 | D:1      | Reached XP level 2. HP: 17/27 MP: 1/1
   821 | D:2      | Reached ** piety under Trog
   829 | D:2      | Reached XP level 3. HP: 26/33 MP: 2/2
  1685 | D:3      | Reached XP level 4. HP: 39/41 MP: 3/3
  1770 | D:3      | Found a blossoming altar of Fedhas.
  1837 | D:3      | You fall through a shaft for 2 floors!
  1837 | D:5      | Entered Level 5 of the Dungeon
  1837 | D:5      | Found a large runed door.
  1837 | D:5      | Found a large runed door.
  1847 | D:5      | Reached skill level 5 in Axes
  1889 | D:5      | Noticed an ice beast
  1927 | D:5      | Got a faintly glowing shortbow
  1955 | D:5      | Got a ruby-encrusted ring mail
  2011 | D:5      | Found a large runed door.
  2011 | D:5      | Found a large runed door.
  2018 | D:5      | Killed an ice beast
  2018 | D:5      | Reached XP level 5. HP: 44/47 MP: 4/4
  2018 | D:5      | Reached skill level 5 in Fighting
  2047 | D:5      | Identified the +4 ring mail of Xeon {MR+ Stlth+} (You found it on level 5 of the Dungeon)
  2121 | D:5      | Noticed a centaur
  2125 | D:5      | Killed a centaur
  2125 | D:5      | Reached XP level 6. HP: 42/56 MP: 5/5
  2240 | D:5      | Noticed a centaur
  2254 | D:5      | Killed a centaur
  2254 | D:5      | Reached skill level 6 in Axes
  2254 | D:5      | Reached skill level 1 in Stealth
  2359 | D:5      | Reached *** piety under Trog
  2380 | D:5      | Found a glowing drain.
  2533 | Sewer    | Entered a sewer
  2605 | Sewer    | Reached skill level 5 in Dodging
  2605 | Sewer    | Reached XP level 7. HP: 43/61 MP: 6/6
  2777 | Sewer    | Found a white marble altar of Elyvilon.
  2882 | D:5      | Noticed a slave
  2884 | D:5      | Noticed a slave
  2885 | D:5      | Noticed Pikel
  2891 | D:5      | Noticed a slave
  2892 | D:5      | Noticed a slave
  2898 | D:5      | Killed Pikel
  2898 | D:5      | Reached skill level 7 in Axes
  2898 | D:5      | Reached XP level 8. HP: 48/70 MP: 7/7
  2942 | D:5      | Reached skill level 5 in Armour
  3248 | D:5      | Noticed a deep elf mage
  3255 | D:5      | Killed a deep elf mage
  3500 | D:6      | Noticed Blork the orc
  3506 | D:6      | Killed Blork the orc
  3730 | D:6      | Noticed Crazy Yiuf
  3737 | D:6      | Killed Crazy Yiuf
  4083 | D:6      | Found an iron altar of Okawaru.
  4090 | D:6      | Identified the +10 shortbow of the Whale {venom, Int+2 Dex+5} (You found it on level 5 of the Dungeon)
  4336 | D:7      | Reached XP level 9. HP: 79/79 MP: 8/8
  4423 | D:7      | Reached **** piety under Trog
  4486 | D:7      | Reached skill level 1 in Bows
  4520 | D:7      | Reached skill level 5 in Polearms
  4532 | D:7      | Found a burning altar of Makhleb.
  4658 | D:7      | Found a snail-covered altar of Cheibriados.
  4713 | D:7      | Received a gift from Trog
  4796 | D:7      | Found a deep blue altar of Sif Muna.
  4796 | D:7      | Found an opulent altar of Gozag.
  5400 | D:7      | Reached skill level 8 in Fighting
  5937 | D:8      | Found an ancient bone altar of Kikubaaqudgha.
  6004 | D:8      | Reached ***** piety under Trog
  6276 | D:8      | Noticed Erolcha
  6283 | D:8      | Killed Erolcha
  6283 | D:8      | Reached XP level 10. HP: 89/89 MP: 9/9
  6470 | D:8      | Noticed Psyche
  6474 | D:8      | Killed Psyche
  6474 | D:8      | Reached skill level 9 in Fighting
  6494 | D:8      | Noticed Grum
  6511 | D:8      | Killed Grum
  6511 | D:8      | Reached skill level 5 in Bows
  7415 | D:9      | Received a gift from Trog
  7428 | D:9      | HP: 2/90 [steam dragon/ball of steam (20)]
  7429 | D:9      | Engulfed by a steam dragon's steam

Action                   |  1- 3 |  4- 6 |  7- 9 | 10-12 || total
-------------------------+-------+-------+-------+-------++-------
Melee: Hand axe          |    74 |    34 |       |       ||   108
       Halberd           |       |    41 |   242 |    22 ||   305
 Fire: Shortbow          |       |       |     7 |    31 ||    38
Throw: Throwing net      |     1 |       |     1 |       ||     2
Invok: Berserk           |     1 |     3 |     3 |     1 ||     8
       Trog's Hand       |     1 |       |       |     1 ||     2
       Burn Spellbooks   |       |       |     1 |       ||     1
       Brothers in Arms  |       |       |     1 |       ||     1
  Use: Scroll            |     5 |     3 |     6 |     3 ||    17
 Stab: Sleeping          |     1 |       |     3 |       ||     4
  Eat: Fruit             |     3 |     3 |       |       ||     6
       Chunk             |     1 |       |     2 |       ||     3
       Beef jerky        |       |     1 |     1 |     1 ||     3
       Royal jelly       |       |     1 |       |       ||     1
       Bread ration      |       |       |     3 |       ||     3
